← All builds
Geo sea / Legion / Economy first / OBSERVED BUILD

Standard geo sea

Legion Geo sea build order · Supreme Isthmus

The role's baseline: bot lab reclaimed for metal, shipyard built in the cove, Syracusia and Geothermal Powerplant on normal timing, transitioning into Argonaut and other naval units to contest the sea for the rest of the game.

Usually shipyard in the cove (94%) · geo on time (61%)

#naval #eco · 63 distinct matches · 31 players · 73% of Legion Geo sea games · team won 48% of 64 · Recently observed

HOW TO PLAY IT

Key timing: Shipyard by 3:06

  1. Open with mex and solar, then put down Legion Bot Lab for reclaim.
  2. Build Legion Bot Lab early, planning to eat it for metal.
  3. Build shipyard and reclaim the bot lab into the sea economy.
  4. Eat the Legion Bot Lab at 3:12 to fund early sea units.
  5. Add Syracusia then geothermal, transition into Argonaut-led sea army.

Phase by phase

TYPICAL OF ITS 63 GAMES
  1. 1
  2. 2
  3. 3
  4. 4
PLAY THE OPENING

Follow the example game's first 6:00 step by step: what to build now, what comes next, and where it goes. At 1× it keeps pace with your own game.

  1. 1

    Up to the Legion Bot Lab

    Economy
    • Metal Extractor3Mex
    • Wind Turbine3Wind
    Order
    1. Legion Bot LabLegion Bot Lab after 3 mex, 3 winddone ~1:12, middle half 1:06–1:25

    Some games also: wind for allies (41%)

    By 0:55 in all: 3 mex · 3 wind

    The example game in this phase · 3 steps
    1. Mex ×3
    2. Wind ×3
    3. Legion Bot LabLegion Bot Labdone 1:19 · typical 1:12
  2. 2

    Legion Bot Lab to Shipyard

    Economy
    • Metal Extractor1Mex
    Order
    1. ShipyardShipyard after 4 mex, 4 winddone ~3:11, middle half 2:41–3:34
    Builders
    • Zagreus3 Zagreus
    • Legion Construction Bot3 Legion Construction Bot

    Some games also: wind (48%) · con turret (48%) · Toxotai (38%) · wind for allies (34%) · Goblin (31%)

    By 2:41 in all: 4 mex · 4 wind

    The example game in this phase · 5 steps
    1. Legion Construction BotLegion Construction Bot
    2. ZagreusZagreus
    3. Legion Construction BotLegion Construction Bot
    4. ZagreusZagreus
    5. ShipyardShipyarddone 2:29 · typical 3:11
  3. 3

    Shipyard to 5:00

    Economy
    • Metal Extractor4Mex
    • Wind Turbine2Wind
    Order
    1. Legion Bot LabEat Legion Bot Lab
    Builders
    • Construction Ship1 Con ship
    Army
    • Argonaut2 Argonaut
    • Syracusia1 Syracusia
    Other
    • Radar Tower1 Radar Tower

    Some games also: Pharos (50%) · submarine (41%) · Hippocampus (39%) · converter (36%)

    By 5:00 in all: 8 mex · 6 wind · 1 energy storage · 1 con turret

    The example game in this phase · 21 steps
    1. Legion Construction BotLegion Construction Bot
    2. Mex
    3. IapetusIapetus
    4. ZagreusZagreus
    5. Wind ×3
    6. Construction ShipCon ship
    7. ArgonautArgonaut
    8. Mex ×3
    9. Con turret
    10. ArgonautArgonaut
    11. Wind ×3
    12. Mex
    13. Legion Bot LabEat Legion Bot Labreclaimed for its metal
    14. Mex ×2
    15. ArgonautArgonaut
    16. OcteresOcteresnot finished by 15:00
    17. Radar TowerRadar Tower
    18. PharosPharos
    19. KeteaSubmarine
    20. Construction ShipCon ship
    21. Wind
  4. 4

    5:00 to 10:00

    Economy
    • Metal Extractor2Mex
    • Wind Turbine11Wind
    • Energy Converter3Converter
    Order
    1. Geothermal PowerplantGeo after 9 mex, 7 wind, 1 solarin 52% of games
    Builders
    • Construction Turret1 Con turret
    • Dionysus1 Dionysus
    Army
    • Pharos2 Pharos
    • Legion Drone8 Legion Drone
    • Syracusia3 Syracusia
    • Argonaut3 Argonaut

    Some games also: con ship (48%) · Bramble (44%)

    By 10:00 in all: 10 mex · 18 wind · 1 geo · 5 converter · 1 energy storage · 2 con turret

    The example game in this phase · 113 steps
    1. IapetusIapetus
    2. PharosPharos
    3. ArgonautArgonaut
    4. Wind
    5. Mex
    6. ArgonautArgonaut
    7. Wind
    8. ArgonautArgonaut
    9. Wind
    10. PharosPharos
    11. Naval Radar / Sonar TowerNaval Radar / Sonar Tower
    12. DionysusDionysus
    13. Wind
    14. DionysusDionysus
    15. SthenoStheno
    16. Wind
    17. KeteaSubmarine ×2
    18. Wind
    19. EuryaleEuryale
    20. SyracusiaSyracusiadone 6:38 · typical 5:33
    21. Wind
    22. Legion DroneLegion Drone
    23. IapetusIapetus
    24. Wind
    25. ArgonautArgonaut
    26. Wind
    27. SyracusiaSyracusia
    28. Legion DroneLegion Drone
    29. Wind
    30. Naval Radar / Sonar TowerNaval Radar / Sonar Tower
    31. Wind
    32. Legion DroneLegion Drone
    33. SyracusiaSyracusia
    34. Wind
    35. Naval Radar / Sonar TowerNaval Radar / Sonar Tower
    36. Wind
    37. Legion DroneLegion Drone ×3
    38. ArgonautArgonaut
    39. Wind
    40. Radar TowerRadar Tower
    41. ArgonautArgonaut
    42. Wind
    43. Legion DroneLegion Drone
    44. SyracusiaSyracusia
    45. BrambleBramble
    46. Naval Radar / Sonar TowerNaval Radar / Sonar Tower
    47. Wind
    48. Legion DroneLegion Drone
    49. Wind
    50. Legion DroneLegion Drone
    51. DionysusDionysus
    52. Wind
    53. Naval Radar / Sonar TowerNaval Radar / Sonar Tower
    54. DionysusDionysus
    55. Wind
    56. Legion DroneLegion Drone
    57. IapetusIapetus
    58. ArgonautArgonaut
    59. Wind
    60. ArgonautArgonaut
    61. Naval Radar / Sonar TowerNaval Radar / Sonar Tower
    62. Wind
    63. ArgonautArgonaut
    64. Wind
    65. SyracusiaSyracusia
    66. Wind
    67. Naval Radar / Sonar TowerNaval Radar / Sonar Tower
    68. Legion DroneLegion Drone
    69. DionysusDionysus
    70. Advanced Metal ExtractorT2 mexdone 10:50
    71. Construction ShipCon ship
    72. Legion DroneLegion Drone
    73. DionysusDionysus
    74. IapetusIapetus
    75. KeteaSubmarine
    76. Naval Radar / Sonar TowerNaval Radar / Sonar Tower
    77. Mex
    78. Geothermal PowerplantGeodone 12:17 · typical 7:37
    79. KeteaSubmarine
    80. Advanced Metal ExtractorT2 mex
    81. KeteaSubmarine ×3
    82. Naval Radar / Sonar TowerNaval Radar / Sonar Tower
    83. DionysusDionysus ×2
    84. Advanced Metal ExtractorT2 mex
    85. KeteaSubmarine
    86. Naval Radar / Sonar TowerNaval Radar / Sonar Tower
    87. SyracusiaSyracusia
    88. Legion DroneLegion Drone
    89. SyracusiaSyracusia
    90. Naval Radar / Sonar TowerNaval Radar / Sonar Tower
    91. Legion DroneLegion Drone ×2
    92. ArgonautArgonaut
    93. Advanced Metal ExtractorT2 mex
    94. ArgonautArgonaut
    95. Legion DroneLegion Drone ×3
    96. ArgonautArgonaut
    97. Legion DroneLegion Drone ×4
    98. SyracusiaSyracusia
    99. Legion DroneLegion Drone ×6
    100. IapetusIapetus
    101. Legion DroneLegion Drone ×2
    102. Advanced Metal ExtractorT2 mex
    103. ArgonautArgonaut
    104. SyracusiaSyracusia
    105. Legion DroneLegion Drone
    106. IapetusIapetus ×2
    107. Legion DroneLegion Drone
    108. IapetusIapetus ×3
    109. Con turret
    110. IapetusIapetus
    111. Advanced Metal ExtractorT2 mex
    112. Legion DroneLegion Drone
    113. IapetusIapetus

Counts are medians over the build's games: half of them build more, half fewer. The example game is JesterB's (33 OS, 23/09/2026); pick another.

Team trades

IN AT LEAST 30% OF ITS GAMES

You hand over

  • Wind Turbine2 Wind to Airfirst at 1:42 · in 70% of games

You get

  • Finch1 Finch from Airfirst at 1:53 · in 59% of games
  • Hercules1 Light transport from Airfirst at 2:05 · in 44% of games
  • Advanced Construction Bot1 T2 con bot from Techfirst at 7:30 · in 77% of games

How it plays out

Typical game of this build, running totals by minute

Metal produced

010k20k30k
0:005:0010:0015:00

metal

Enemy metal destroyed

05k10k
0:005:0010:0015:00

metal

Own metal lost

02k4k6k
0:005:0010:0015:00

metal

64 games.

Show as table
ByMetal produced: This buildEnemy metal destroyed: This buildOwn metal lost: This build
1:0039500
2:0092800
3:00158400
4:002862020
5:00400714151
6:005382368122
7:006821653308
8:0084481412624
9:001015521361041
10:001222627191356
11:001471838851925
12:001776447562321
13:002035856292976
14:002344265493971
15:002727681574575
WHAT THE NUMBERS SAY

Standard sea opener with heavy early metal from eating the bot lab, but team still won well under half.

  • + Produces far more metal than enemy destroys by 5:00 (3995 vs 183).
  • − Team only won 41% of games despite the strong economy lead.
THE EXAMPLE YOU ARE READING

JesterB

32.9 OS · 23/09/2026

Open source match ↗

4 received units · includes a constructor
854 metal received · 13627 energy received

Allied construction assistance is unknown. Timings are observations, not a promise of solo reproducibility.

Typical milestones

Legion Bot Lab1:12Middle 50%: 1:06–1:25 · n=63
Shipyard3:11Middle 50%: 2:41–3:34 · n=64
Syracusia5:33Middle 50%: 4:59–6:33 · n=64
Geothermal Powerplant7:37Middle 50%: 6:54–9:34 · n=42
Advanced Metal Extractor9:19Middle 50%: 8:35–9:53 · n=47

Played most by

KingBenjai9games of this buildsirniho9games of this buildRysica5games of this buildJesterB4games of this buildQwertylololo4games of this build